| TOP OF THE 1ST |
|
Seattle Mariners batting - Pitching for Toronto Blue Jays : RHP Timo Lantinga
|
|
Pitching: RHP Timo Lantinga
|
|
|
Batting: LHB Dae-ik Yoon
|
0-0: Ground out 6-3 (Groundball, 6, EV 91.2 MPH)
|
|
Batting: SHB Floyd-William Goof
|
0-0: Ball 1-0: Called Strike 1-1: Ball 2-1: Ground out 1-3 (Groundball, 34S, EV 62.5 MPH)
|
|
Batting: LHB John Zumbo
|
0-0: Ball 1-0: Swinging Strike 1-1: Swinging Strike 1-2: Foul Ball, location: 2F 1-2: Ground out 2-3 (Groundball, 2R, EV 71.2 MPH)
|
| Top of the 1st over - 0 runs, 0 hits, 0 errors, 0 left on base; Seattle 0 - Toronto 0 |
| BOTTOM OF THE 1ST |
|
Toronto Blue Jays batting - Pitching for Seattle Mariners : RHP Takaaki Nakada
|
|
Pitching: RHP Takaaki Nakada
|
|
|
Batting: RHB Danny Burnside
|
0-0: Called Strike 0-1: Ball 1-1: Foul Ball, location: 2F 1-2: Strikes out looking
|
|
Batting: LHB Michael Byrd
|
0-0: Called Strike 0-1: Ball 1-1: SINGLE (Groundball, 25, EV 66.2 MPH) (infield hit)
|
|
Batting: LHB Jody Hudson
|
0-0: Called Strike Michael Byrd steals 2nd base (no throw) 0-1: Ball 1-1: Foul Ball, location: 2F 1-2: Foul Ball, location: 2F 1-2: Ground out 4-3 (Groundball, 34D, EV 101.9 MPH) Michael Byrd to third
|
|
Batting: LHB Josh Stuck
|
0-0: Ball 1-0: Called Strike 1-1: Fly out, F9 (Flyball, 9LM, EV 90.6 MPH)
|
| Bottom of the 1st over - 0 runs, 1 hit, 0 errors, 1 left on base; Seattle 0 - Toronto 0 |
| TOP OF THE 2ND |
|
Seattle Mariners batting - Pitching for Toronto Blue Jays : RHP Timo Lantinga
|
|
Batting: LHB Bi-jun Chien
|
0-0: Fly out, F7 (Flyball, 78D, EV 100.6 MPH)
|
|
Batting: RHB Jose Vasquez
|
0-0: Called Strike 0-1: Called Strike 0-2: Ball 1-2: Ball 2-2: Ball 3-2: Ground out U3 (Groundball, 34S, EV 92.5 MPH)
|
|
Batting: RHB Steve Bartman Jr.
|
0-0: Ball 1-0: Ground out 5-3 (Groundball, 56S, EV 65.0 MPH)
|
| Top of the 2nd over - 0 runs, 0 hits, 0 errors, 0 left on base; Seattle 0 - Toronto 0 |
| BOTTOM OF THE 2ND |
|
Toronto Blue Jays batting - Pitching for Seattle Mariners : RHP Takaaki Nakada
|
|
Batting: LHB Jesus Romero
|
0-0: Fly out, F8 (Flyball, 8RXD, EV 91.2 MPH)
|
|
Batting: LHB Jon Schick
|
0-0: Ball 1-0: Called Strike 1-1: Ground out U3 (Groundball, 3L, EV 79.4 MPH)
|
|
Batting: RHB Tommy Mize
|
0-0: Called Strike 0-1: Ball 1-1: Fly out, F3 (Popup, 3F, EV 55.0 MPH)
|
| Bottom of the 2nd over - 0 runs, 0 hits, 0 errors, 0 left on base; Seattle 0 - Toronto 0 |
| TOP OF THE 3RD |
|
Seattle Mariners batting - Pitching for Toronto Blue Jays : RHP Timo Lantinga
|
|
Batting: RHB Corey Ottinger
|
0-0: Foul Ball, location: 2F 0-1: Ball 1-1: Foul Ball, location: 2F 1-2: Ball 2-2: Foul Ball, location: 2F 2-2: Strikes out looking
|
|
Batting: RHB Ivan Colon
|
0-0: DOUBLE (Line Drive, 9LS, EV 95.6 MPH)
|
|
Batting: RHB Young-kwang Ohnn
|
0-0: Ball 1-0: Called Strike 1-1: Ball 2-1: Ground out 6-3 (Groundball, 56, EV 103.1 MPH)
|
|
Batting: LHB Dae-ik Yoon
|
0-0: Ball 1-0: Foul Ball, location: 2F 1-1: Ball 2-1: Ground out 5-3 (Groundball, 56S, EV 66.2 MPH)
|
| Top of the 3rd over - 0 runs, 1 hit, 0 errors, 1 left on base; Seattle 0 - Toronto 0 |
| BOTTOM OF THE 3RD |
|
Toronto Blue Jays batting - Pitching for Seattle Mariners : RHP Takaaki Nakada
|
|
Batting: SHB Dylan Novakowski
|
0-0: Swinging Strike 0-1: Foul Ball, location: 2F 0-2: Ball 1-2: Foul Ball, location: 2F 1-2: Ball 2-2: Foul Ball, location: 2F 2-2: Strikes out swinging, 2-3 out at first.
|
|
Batting: RHB Mike Strey
|
0-0: Ground out 6-3 (Groundball, 6, EV 81.2 MPH)
|
|
Batting: RHB Danny Burnside
|
0-0: Called Strike 0-1: Called Strike 0-2: Strikes out looking
|
| Bottom of the 3rd over - 0 runs, 0 hits, 0 errors, 0 left on base; Seattle 0 - Toronto 0 |
| TOP OF THE 4TH |
|
Seattle Mariners batting - Pitching for Toronto Blue Jays : RHP Timo Lantinga
|
|
Batting: SHB Floyd-William Goof
|
0-0: Ball 1-0: Ball 2-0: Ball 3-0: Swinging Strike 3-1: Fly out, F6 (Flyball, 56D, EV 85.0 MPH)
|
|
Batting: LHB John Zumbo
|
0-0: Swinging Strike 0-1: Ball 1-1: Ball 2-1: Foul Ball, location: 2F 2-2: SOLO HOME RUN (Line Drive, 9LD, EV 95.6 MPH), Distance : 355 ft
|
|
Batting: LHB Bi-jun Chien
|
0-0: SINGLE (Flyball, 78S, EV 96.9 MPH)
|
|
Batting: RHB Jose Vasquez
|
0-0: Ball 1-0: Grounds into double play, 4-6-3 (Groundball, 4M, EV 100.0 MPH)
|
| Top of the 4th over - 1 run, 2 hits, 0 errors, 0 left on base; Seattle 1 - Toronto 0 |
| BOTTOM OF THE 4TH |
|
Toronto Blue Jays batting - Pitching for Seattle Mariners : RHP Takaaki Nakada
|
|
Batting: LHB Michael Byrd
|
0-0: Ball 1-0: Swinging Strike 1-1: Ball 2-1: Ball 3-1: DOUBLE (Line Drive, 7LM, EV 97.5 MPH)
|
|
Batting: LHB Jody Hudson
|
0-0: Ball 1-0: Ball 2-0: Ground out 1-3 (Groundball, 34S, EV 66.9 MPH) Michael Byrd to third
|
|
Batting: LHB Josh Stuck
|
0-0: Foul Ball, location: 2F 0-1: Ball 1-1: Fly out, F9 (Line Drive, 9, EV 86.2 MPH) Runner from 3rd tags up, SCORES, throw by RF
|
|
Batting: LHB Jesus Romero
|
0-0: Ball 1-0: Fly out, F7 (Flyball, 78S, EV 83.8 MPH)
|
| Bottom of the 4th over - 1 run, 1 hit, 0 errors, 0 left on base; Seattle 1 - Toronto 1 |
| TOP OF THE 5TH |
|
Seattle Mariners batting - Pitching for Toronto Blue Jays : RHP Timo Lantinga
|
|
Pitching: RHP Mike Powell
|
|
|
Batting: RHB Steve Bartman Jr.
|
0-0: Called Strike 0-1: Ball 1-1: Foul Ball, location: 2F 1-2: Strikes out swinging, 2-3 out at first.
|
|
Batting: RHB Corey Ottinger
|
0-0: Called Strike 0-1: Ball 1-1: Swinging Strike 1-2: Strikes out looking
|
|
Batting: RHB Ivan Colon
|
0-0: Called Strike 0-1: Ball 1-1: Swinging Strike 1-2: Ball 2-2: Strikes out swinging, 2-3 out at first.
|
| Top of the 5th over - 0 runs, 0 hits, 0 errors, 0 left on base; Seattle 1 - Toronto 1 |
| BOTTOM OF THE 5TH |
|
Toronto Blue Jays batting - Pitching for Seattle Mariners : RHP Takaaki Nakada
|
|
Pitching: RHP Jesse Crockett
|
|
|
Batting: LHB Jon Schick
|
0-0: Ball 1-0: SINGLE (Line Drive, 7S, EV 112.5 MPH)
|
|
Batting: RHB Tommy Mize
|
0-0: Ball 1-0: DOUBLE (Line Drive, 78XD, EV 100.0 MPH) Jon Schick to third
|
|
Batting: SHB Dylan Novakowski
|
0-0: Called Strike 0-1: Called Strike 0-2: 3-RUN HOME RUN (Flyball, 9D, EV 97.5 MPH), Distance : 376 ft
|
|
Pitching: LHP Valery Sahanov
|
|
|
Batting: RHB Mike Strey
|
0-0: Called Strike 0-1: Swinging Strike 0-2: Strikes out looking
|
|
Batting: RHB Danny Burnside
|
0-0: Ball 1-0: Swinging Strike 1-1: Foul Ball, location: 2F 1-2: Strikes out looking
|
|
Batting: LHB Michael Byrd
|
0-0: Swinging Strike 0-1: Swinging Strike 0-2: Ball 1-2: Ground out 1-3 (Groundball, 13S, EV 65.6 MPH)
|
| Bottom of the 5th over - 3 runs, 3 hits, 0 errors, 0 left on base; Seattle 1 - Toronto 4 |
| TOP OF THE 6TH |
|
Seattle Mariners batting - Pitching for Toronto Blue Jays : RHP Mike Powell
|
|
Batting: RHB Young-kwang Ohnn
|
0-0: Ground out 6-3 (Groundball, 6, EV 105.6 MPH)
|
|
Batting: LHB Dae-ik Yoon
|
0-0: Called Strike 0-1: Ball 1-1: Foul Ball, location: 2F 1-2: Foul Ball, location: 2F 1-2: Foul Ball, location: 2F 1-2: Ball 2-2: Fly out, F9 (Flyball, 9, EV 90.0 MPH)
|
|
Batting: SHB Floyd-William Goof
|
0-0: Ball 1-0: Ball 2-0: Ball 3-0: Base on Balls
|
|
Batting: LHB John Zumbo
|
0-0: Ball 1-0: Called Strike Floyd-William Goof steals 2nd base (no throw) 1-1: Foul Ball, location: 2F 1-2: Ball 2-2: Ball 3-2: Strikes out swinging
|
| Top of the 6th over - 0 runs, 0 hits, 0 errors, 1 left on base; Seattle 1 - Toronto 4 |
| BOTTOM OF THE 6TH |
|
Toronto Blue Jays batting - Pitching for Seattle Mariners : LHP Valery Sahanov
|
|
Batting: LHB Jody Hudson
|
0-0: Fly out, F8 (Flyball, 78D, EV 95.0 MPH)
|
|
Batting: LHB Josh Stuck
|
0-0: Ball 1-0: Ball 2-0: Ball 3-0: Base on Balls
|
|
Batting: LHB Jesus Romero
|
0-0: Swinging Strike 0-1: Called Strike 0-2: Ball 1-2: Grounds into double play, 3-6-3 (Groundball, 3S, EV 93.1 MPH)
|
| Bottom of the 6th over - 0 runs, 0 hits, 0 errors, 0 left on base; Seattle 1 - Toronto 4 |
| TOP OF THE 7TH |
|
Seattle Mariners batting - Pitching for Toronto Blue Jays : RHP Mike Powell
|
|
Pitching: RHP Orlando Giron
|
|
|
Now in LF: Yoshinari Nara
|
|
|
Batting: LHB Bi-jun Chien
|
0-0: Called Strike 0-1: Called Strike 0-2: Foul Ball, location: 2F 0-2: Strikes out swinging
|
|
Batting: RHB Jose Vasquez
|
0-0: Foul Ball, location: 2F 0-1: Ball 1-1: Ball 2-1: Foul Ball, location: 2F 2-2: Ground out 6-3 (Groundball, 6M, EV 83.1 MPH)
|
|
Batting: RHB Steve Bartman Jr.
|
0-0: Ball 1-0: Ground out 5-3 (Groundball, 56S, EV 73.8 MPH)
|
| Top of the 7th over - 0 runs, 0 hits, 0 errors, 0 left on base; Seattle 1 - Toronto 4 |
| BOTTOM OF THE 7TH |
|
Toronto Blue Jays batting - Pitching for Seattle Mariners : LHP Valery Sahanov
|
|
Batting: LHB Jon Schick
|
0-0: Ball 1-0: Ball 2-0: Foul Ball, location: 2F 2-1: Ball 3-1: Swinging Strike 3-2: Fly out, F3 (Line Drive, 3, EV 68.8 MPH)
|
|
Batting: RHB Tommy Mize
|
0-0: Called Strike 0-1: Ball 1-1: Fly out, F8 (Flyball, 8LXD, EV 106.9 MPH)
|
|
Batting: SHB Dylan Novakowski
|
0-0: Ball 1-0: Called Strike 1-1: Ball 2-1: Ball 3-1: Base on Balls
|
|
Batting: RHB Mike Strey
|
0-0: Ball Dylan Novakowski is caught stealing 2nd base 2-4
|
| Bottom of the 7th over - 0 runs, 0 hits, 0 errors, 0 left on base; Seattle 1 - Toronto 4 |
| TOP OF THE 8TH |
|
Seattle Mariners batting - Pitching for Toronto Blue Jays : RHP Orlando Giron
|
|
Batting: RHB Corey Ottinger
|
0-0: Ball 1-0: Ball 2-0: Called Strike 2-1: Ball 3-1: Ground out 6-3 (Groundball, 6, EV 87.5 MPH)
|
|
Batting: RHB Ivan Colon
|
0-0: Ball 1-0: Ball 2-0: Called Strike 2-1: Ground out 6-3 (Groundball, 6, EV 105.0 MPH)
|
|
Batting: RHB Young-kwang Ohnn
|
0-0: Called Strike 0-1: Swinging Strike 0-2: Ground out 4-3 (Groundball, 4, EV 79.4 MPH)
|
| Top of the 8th over - 0 runs, 0 hits, 0 errors, 0 left on base; Seattle 1 - Toronto 4 |
| BOTTOM OF THE 8TH |
|
Toronto Blue Jays batting - Pitching for Seattle Mariners : LHP Valery Sahanov
|
|
Pitching: RHP Chris Gilbo
|
|
|
Batting: RHB Mike Strey
|
0-0: Ball 1-0: Called Strike 1-1: Ball 2-1: Ball 3-1: Foul Ball, location: 2F 3-2: Foul Ball, location: 2F 3-2: Base on Balls
|
|
Batting: RHB Danny Burnside
|
0-0: Ball 1-0: Sac Bunt to P - play at first, batter OUT! 1-4 Mike Strey to second
|
|
Pinch Hitting: RHB Danny Heyer
|
0-0: Swinging Strike 0-1: Ball 1-1: Fly out, F9 (Flyball, 9, EV 91.9 MPH)
|
|
Pinch Hitting: LHB Sam Dowdy
|
0-0: SINGLE (Line Drive, 6M, EV 101.9 MPH) Mike Strey to third
|
|
Batting: LHB Yoshinari Nara
|
0-0: Foul Ball, location: 2F 0-1: Ball 1-1: Foul Ball, location: 2F 1-2: Foul Ball, location: 2F 1-2: Foul Ball, location: 2F 1-2: Ball 2-2: Foul Ball, location: 2F 2-2: Ball 3-2: Base on Balls Sam Dowdy to second
|
|
Batting: SHB Zory Larikov
|
0-0: Ground out 5-3 (Groundball, 5D, EV 91.2 MPH)
|
| Bottom of the 8th over - 0 runs, 1 hit, 0 errors, 3 left on base; Seattle 1 - Toronto 4 |
| TOP OF THE 9TH |
|
Seattle Mariners batting - Pitching for Toronto Blue Jays : RHP Orlando Giron
|
|
Pitching: RHP J.J. Thompson
|
|
|
Now at 1B: Sam Dowdy
|
|
|
Now at SS: Danny Heyer
|
|
|
Pinch Hitting: RHB Jonathan Rangel
|
0-0: Fly out, F9 (Line Drive, 9, EV 95.0 MPH)
|
|
Pinch Hitting: RHB Leon Alders
|
0-0: Foul Ball, location: 2F 0-1: Foul Ball, location: 2F 0-2: Strikes out swinging
|
|
Batting: SHB Tze-meng Gan
|
0-0: Ball 1-0: Ball 2-0: Foul Ball, location: 2F 2-1: Called Strike 2-2: Foul Ball, location: 2F 2-2: Ball 3-2: Base on Balls
|
|
Pinch Hitting: LHB Jerrod Cluck
|
0-0: Called Strike 0-1: Ball 1-1: Foul Ball, location: 2F 1-2: Ball 2-2: Ball 3-2: Foul Ball, location: 2F 3-2: Foul Ball, location: 2F 3-2: Ground out U3 (Groundball, 3, EV 83.1 MPH)
|
| Top of the 9th over - 0 runs, 0 hits, 0 errors, 1 left on base; Seattle 1 - Toronto 4 |
|